 Dungeon Crawl Stone Soup version 0.19.1-1-g22dce08 (webtiles) character file.

283 dngmouse the Chopper (level 6, 0/56 HPs)
             Began as a Hill Orc Fighter on Jan 15, 2017.
             Succumbed to a worker ant's poison
             ... on level 4 of the Dungeon.
             The game lasted 00:04:52 (2712 turns).

dngmouse the Chopper (Hill Orc Fighter)             Turns: 2712, Time: 00:04:53

Health: 0/56       AC:  8    Str: 21    XL:     6   Next: 28%
Magic:  6/6        EV: 12    Int:  8    God:
Gold:   134        SH:  9    Dex: 15    Spells: 0 memorised, 5 levels left

rFire  . . .     SeeInvis .     a - +0 war axe
rCold  . . .     Gourm    .     b - +0 scale mail
rNeg   . . .     Faith    .     c - +0 shield
rPois  .         Spirit   .     h - +0 helmet
rElec  .         Reflect  .     (no cloak)
rCorr  .         Harm     .     (no gloves)
MR     .....                    g - +0 pair of boots
Stlth  +.........               (no amulet)
                                (no ring)
                                (no ring)

@: agile, lethally poisoned (0 -> -1), exhausted, slowed, drained, very slow
A: no striking features
a: no special abilities


You were on level 4 of the Dungeon.
You were not hungry.

You visited 1 branch of the dungeon, and saw 4 of its levels.

You collected 134 gold pieces.

Inventory:

Hand Weapons
 a - a +0 war axe (weapon)
Armour
 b - a +0 scale mail (worn)
 c - a +0 shield (worn)
 g - a +0 pair of boots (worn)
 h - a +0 helmet (worn)
Jewellery
 A - an uncursed amulet of harm
Scrolls
 e - 3 scrolls of teleportation {unknown}
 i - a scroll of blinking {unknown}
 j - 3 scrolls of remove curse {unknown}
 k - 3 scrolls of identify {unknown}
 l - a scroll of amnesia {unknown}
 m - a scroll of enchant weapon {unknown}
 u - a scroll of enchant armour {unknown}
 y - a scroll of noise {unknown}
 z - a scroll of random uselessness {unknown}
Potions
 d - a potion of might
 o - a potion of invisibility {unknown}
 p - a potion of lignification {unknown}
 q - a potion of agility
 r - 2 potions of berserk rage
 s - 2 potions of curing {unknown}
 t - 2 potions of heal wounds {unknown}
 w - a potion of resistance {unknown}
 D - a potion of beneficial mutation {unknown}
Books
 x - a book of Cantrips

   Spells                             Type                      Level
   a - Confusing Touch                Hexes                        1
   b - Animate Skeleton               Necromancy                   1
   c - Summon Small Mammal            Summoning                    1
   d - Apportation                    Translocation                1
Comestibles
 f - 3 bread rations
 n - a meat ration
 v - 2 fruits
 B - a royal jelly
 C - 5 chunks of flesh


   Skills:
 - Level 5.0(4.4) Fighting
 * Level 7.5(6.9) Axes
 - Level 3.2(2.7) Armour
 - Level 3.2(2.7) Shields


You had 5 spell levels left.
You didn't know any spells.

Dungeon Overview and Level Annotations

Branches:
Dungeon (4/15)
 Temple: D:4-7

Altars:

Shops:
D:4 %


Message History

You block Blork the orc's attack.
You slash Blork the orc!
Blork the orc is almost dead.
Blork the orc screams, "I'll crush all your ribs!
One by one!"
Blork the orc hits you but does no damage.
You slice Blork the orc!!
You kill Blork the orc!
* * * LOW HITPOINT WARNING * * *
You feel sick.
Things that are here:
a long sword; a robe You feel a strong urge to attack something.
You are no longer berserk.
You are exhausted.
You feel yourself slow down.
There is an entrance to Vymoley's Food Shoppe here.
There is a lethal amount of poison in your body!
It was a potion of agility.
You feel agile all of a sudden.
You die...

## #.. ## #.## #.#
#.# #.... ##.# #..#
...##..######..##
#..#
.....#..........##..#
.... .# #....).....#
..##.# ##.#.8.8.8##
.....# #..#..⌠.⌠..#
....# #.##.8.@.8.#
....# ##.##..⌠.⌠.#.#
....## #..###8.8.8#
.. .###..###.##
##...#.. #. .#
#.....# #....### ##
##..##..###...##
######.## #..#...##
....#..# #..##..##
.......#####.##
..####.


There were no monsters in sight!

Vanquished Creatures
  Blork the orc (D:4)
  Terence (D:3)
  An iguana (D:4)
  3 worker ants (D:4)
  7 adders
  A worm (D:2)
  2 leopard geckos
  A ball python (D:3)
  3 hobgoblins
  5 kobolds
  A quokka (D:4)
  6 bats
  5 frilled lizards
  6 goblins
  A leopard gecko skeleton (D:4)
  7 rats
51 creatures vanquished.

Notes
Turn   | Place    | Note
-------+----------+-------------------------------------------
     0 | D:1      | dngmouse the Hill Orc Fighter began the quest for the Orb.
     0 | D:1      | Reached XP level 1. HP: 19/19 MP: 1/1
   353 | D:1      | Reached skill level 3 in Axes
   397 | D:1      | Reached XP level 2. HP: 21/27 MP: 2/2
  1083 | D:2      | Reached skill level 4 in Axes
  1088 | D:2      | Reached XP level 3. HP: 33/33 MP: 3/3
  1700 | D:3      | Reached XP level 4. HP: 22/41 MP: 4/4
  1756 | D:3      | Found a faded altar of an unknown god.
  1820 | D:3      | Reached skill level 5 in Axes
  1880 | D:3      | Noticed Terence
  1892 | D:3      | Killed Terence
  2130 | D:4      | Reached XP level 5. HP: 47/47 MP: 5/5
  2184 | D:4      | Reached skill level 6 in Axes
  2515 | D:4      | Reached skill level 5 in Fighting
  2691 | D:4      | Found Vymoley's Food Shoppe.
  2691 | D:4      | Noticed Blork the orc
  2702 | D:4      | Reached skill level 7 in Axes
  2702 | D:4      | Reached XP level 6. HP: 8/56 MP: 6/6
  2703 | D:4      | HP: 2/84 [Blork the orc/long sword (4)]
  2707 | D:4      | Killed Blork the orc
  2708 | D:4      | HP: 1/84 [poisoned by a worker ant]
  2712 | D:4      | Succumbed to a worker ant's poison

Skill      XL: |  1  2  3  4  5 |
---------------+----------------+-----
Axes           | 3 4 5 7 |  7.5
Fighting       | 4 5 |  5.0
Armour         | |  3.2
Shields        | |  3.2

Action                   |  1- 3 |  4- 6 || total
-------------------------+-------+-------++-------
Melee: War axe           |   107 |   128 ||   235
  Use: Potion            |       |     2 ||     2
  Eat: Chunk             |     1 |     5 ||     6
Armor: Scale mail        |    53 |    67 ||   120
Dodge: Dodged            |    49 |    45 ||    94
Block: Shield            |    58 |    55 ||   113
